 Dungeon Crawl Stone Soup version 0.21.0-3-g78d12a8 (webtiles) character file.

105 wilfster70 the Magician (level 4, 0/32 HPs)
             Began as a Gnoll Wanderer on Jan 8, 2018.
             Slain by an adder (3 damage)
             ... on level 2 of the Dungeon.
             The game lasted 00:10:43 (2139 turns).

wilfster70 the Magician (Gnoll Wanderer)            Turns: 2139, Time: 00:10:44

Health: 0/32       AC:  2    Str: 12    XL:     4   Next: 83%
Magic:  5/11       EV: 12    Int: 15    God:
Gold:   127        SH:  0    Dex: 17    Spells: 8/13 levels left

rFire    . . .     SeeInvis .   e - +0 hunting sling
rCold    . . .     Gourm    .   (no shield)
rNeg     . . .     Faith    .   d - +0 robe
rPois    .         Spirit   .   (no helmet)
rElec    .         Reflect  .   (no cloak)
rCorr    .         Harm     .   (no gloves)
MR       .....                  (no boots)
Stlth    ++........             (no amulet)
HPRegen  0.10/turn              (no ring)
MPRegen  0.12/turn              (no ring)

@: lethally poisoned (0 -> -13)
A: distributed training, fangs 1, strong nose
a: no special abilities


You were on level 2 of the Dungeon.
You were hungry.

You visited 1 branch of the dungeon, and saw 3 of its levels.

You collected 127 gold pieces.

Inventory:

Hand Weapons
 b - a +0 dagger
 e - a +0 hunting sling (weapon)
Missiles
 j - 104 stones (quivered)
 p - 7 poisoned needles
Armour
 d - a +0 robe (worn)
Wands
 r - a wand of iceblast (8)
Scrolls
 g - 3 scrolls of teleportation {unknown}
 h - 2 scrolls of identify {unknown}
 l - a scroll of enchant armour {unknown}
 m - a scroll of remove curse {unknown}
 n - a scroll of fog {unknown}
Potions
 k - a potion of berserk rage {unknown}
 q - a potion of curing {unknown}
Books
 a - a book of Flames

   Spells                             Type                      Level
   a - Flame Tongue                   Conjuration/Fire             1
   b - Throw Flame                    Conjuration/Fire             2
   c - Conjure Flame                  Conjuration/Fire             3
   d - Inner Flame                    Hexes/Fire                   3
   e - Sticky Flame                   Conjuration/Fire             4
   f - Fireball                       Conjuration/Fire             5
 c - Wuhargha's Compendium of Moulding

   Spells                             Type                      Level
   a - Beastly Appendage              Transmutation                1
   b - Spider Form                    Transmutation/Poison         3
 i - the Volume of Ice

   Spells                             Type                      Level
   a - Freeze                         Ice                          1
   b - Ozocubu's Armour               Charms/Ice                   3
 s - a book of Cantrips

   Spells                             Type                      Level
   a - Confusing Touch                Hexes                        1
   b - Animate Skeleton               Necromancy                   1
   c - Summon Small Mammal            Summoning                    1
   d - Apportation                    Translocation                1
Comestibles
 f - 5 rations


   Skills:
 + Level 1.2 Fighting
 + Level 1.2 Short Blades
 + Level 1.2 Long Blades
 + Level 1.2 Axes
 + Level 1.2 Maces & Flails
 + Level 1.2 Polearms
 + Level 1.2 Staves
 + Level 1.2 Slings
 + Level 1.2 Bows
 + Level 1.2 Crossbows
 + Level 1.2 Throwing
 + Level 1.2 Armour
 + Level 1.2 Dodging
 + Level 2.6 Stealth
 + Level 1.2 Shields
 + Level 1.2 Unarmed Combat
 + Level 5.1 Spellcasting
 + Level 1.0 Conjurations
 + Level 1.0 Hexes
 + Level 1.0 Charms
 + Level 1.0 Summonings
 + Level 1.0 Necromancy
 + Level 1.0 Translocations
 + Level 3.9 Transmutations
 + Level 3.9 Fire Magic
 + Level 1.0 Ice Magic
 + Level 3.9 Air Magic
 + Level 1.0 Earth Magic
 + Level 1.0 Poison Magic
 + Level 1.3 Invocations
 + Level 2.8 Evocations


You had 8 spell levels left.
You knew the following spells:

 Your Spells              Type           Power        Failure   Level  Hunger
a - Flame Tongue          Conj/Fire      ##...        6%          1    None
b - Conjure Flame         Conj/Fire      ##......     17%         3    ###....
c - Apportation           Tloc           #.....       11%         1    None


Dungeon Overview and Level Annotations

Branches:
Dungeon (3/15)

Altars:

Annotations:
D:3 Sigmund


Innate Abilities, Weirdness & Mutations

Your experience applies equally to all skills.
You have very sharp teeth.
Your uncanny sense of smell can sniff out nearby items.


Message History

You are lethally poisoned!
The adder poisons you!
Casting: Flame Tongue
Confirm with . or Enter, or press ? or * to list all spells.
Aiming: Flame Tongue
Press: ? - help, Shift-Dir - straight line, f/p - adder
Aim: an adder (moderately wounded)
The flame tongue misses the adder.
* * * LOW HITPOINT WARNING * * *
You feel sick. The adder closely misses you. The adder bites you.
* * * LOW HITPOINT WARNING * * *
Casting: Flame Tongue
Confirm with . or Enter, or press ? or * to list all spells.
Aiming: Flame Tongue
Press: ? - help, Shift-Dir - straight line, f/p - adder
Aim: an adder (moderately wounded)
The flame tongue misses the adder.
* * * LOW HITPOINT WARNING * * *
You feel sick. The adder bites you.
You die...

#.###.#..##.##..###.# #..
#...#.#..##.##..# #.# ###
###.#.#.........###.#############
#.#.#.....#....................
#.#.#####.#....##.#############
#<........#....................
#.#.#####.#.....#.#############
#.#.# #.#....................
#.#.#####.#..#@............####
###.#.......#...S...###..........
..#.#.......#.....### #.####..##.
#.#.#......##.....# #.# #..##.
#.#.#......##.....# #.# ##.##.
#.#.#......##.....# #.# #...'.
#.#.#####...#..#.## #.# ###.#.
#.#.#...'...'..#.# #.# #)#.
#.#.#.###...##.#.######.######.#.


You could see an adder.

Vanquished Creatures
  6 adders
  An ooze (D:2)
  2 worms (D:3)
  2 dart slugs
  5 bats
  A giant cockroach (D:3)
  5 goblins
  4 hobgoblins
  2 jackals (D:1)
  2 kobolds
  A quokka (D:3)
  3 frilled lizards (D:2)
  7 rats
41 creatures vanquished.

Notes
Turn   | Place    | Note
-------+----------+-------------------------------------------
     0 | D:1      | wilfster70 the Gnoll Wanderer began the quest for the Orb.
     0 | D:1      | wilfster70 set off with: a book of Flames, the Volume of Ice, Wuhargha's Compendium of Moulding, a +0 robe, a +0 dagger, a ration
     0 | D:1      | Reached XP level 1. HP: 13/13 MP: 6/6
     0 | D:1      | Identified the Volume of Ice
     0 | D:1      | Identified Wuhargha's Compendium of Moulding
     2 | D:1      | Learned a level 1 spell: Flame Tongue
   143 | D:1      | Reached XP level 2. HP: 19/19 MP: 3/7
   707 | D:2      | Reached skill level 5 in Spellcasting
   707 | D:2      | Reached XP level 3. HP: 25/25 MP: 6/9
   712 | D:2      | Learned a level 3 spell: Conjure Flame
   756 | D:2      | Reached skill level 1 in Invocations
  1077 | D:2      | Reached skill level 1 in Fighting
  1077 | D:2      | Reached skill level 1 in Short Blades
  1077 | D:2      | Reached skill level 1 in Long Blades
  1077 | D:2      | Reached skill level 1 in Axes
  1077 | D:2      | Reached skill level 1 in Maces & Flails
  1077 | D:2      | Reached skill level 1 in Polearms
  1077 | D:2      | Reached skill level 1 in Staves
  1077 | D:2      | Reached skill level 1 in Slings
  1077 | D:2      | Reached skill level 1 in Bows
  1077 | D:2      | Reached skill level 1 in Crossbows
  1077 | D:2      | Reached skill level 1 in Throwing
  1077 | D:2      | Reached skill level 1 in Armour
  1077 | D:2      | Reached skill level 1 in Dodging
  1077 | D:2      | Reached skill level 1 in Shields
  1077 | D:2      | Reached skill level 1 in Unarmed Combat
  1077 | D:2      | Reached XP level 4. HP: 32/32 MP: 9/11
  1300 | D:2      | Learned a level 1 spell: Apportation
  2035 | D:3      | Noticed Sigmund
  2041 | D:3      | Reached skill level 1 in Conjurations
  2041 | D:3      | Reached skill level 1 in Hexes
  2041 | D:3      | Reached skill level 1 in Charms
  2041 | D:3      | Reached skill level 1 in Summonings
  2041 | D:3      | Reached skill level 1 in Necromancy
  2041 | D:3      | Reached skill level 1 in Translocations
  2041 | D:3      | Reached skill level 1 in Ice Magic
  2041 | D:3      | Reached skill level 1 in Earth Magic
  2041 | D:3      | Reached skill level 1 in Poison Magic
  2139 | D:2      | Slain by an adder

Skill      XL: |  1  2  3  4 |
---------------+-------------+-----
Spellcasting   | 5 |  5.1
Invocations    | 1 |  1.3
Fighting       | 1 |  1.2
Short Blades   | 1 |  1.2
Long Blades    | 1 |  1.2
Axes           | 1 |  1.2
Maces & Flails | 1 |  1.2
Polearms       | 1 |  1.2
Staves         | 1 |  1.2
Slings         | 1 |  1.2
Bows           | 1 |  1.2
Crossbows      | 1 |  1.2
Throwing       | 1 |  1.2
Armour         | 1 |  1.2
Dodging        | 1 |  1.2
Shields        | 1 |  1.2
Unarmed Combat | 1 |  1.2
Conjurations   | 1 |  1.0
Hexes          | 1 |  1.0
Charms         | 1 |  1.0
Summonings     | 1 |  1.0
Necromancy     | 1 |  1.0
Translocations | 1 |  1.0
Ice Magic      | 1 |  1.0
Earth Magic    | 1 |  1.0
Poison Magic   | 1 |  1.0
Stealth        | |  2.6
Transmutations | |  3.9
Fire Magic     | |  3.9
Air Magic      | |  3.9
Evocations     | |  2.8

Action                   |  1- 3 |  4- 6 || total
-------------------------+-------+-------++-------
Melee: Dagger            |     3 |       ||     3
 Fire: Hunting sling     |    23 |    32 ||    55
 Cast: Flame Tongue      |    25 |    30 ||    55
 Stab: Sleeping          |     1 |       ||     1
  Eat: Chunk             |       |     3 ||     3
Armor: Robe              |     1 |     4 ||     5
Dodge: Dodged            |    13 |    17 ||    30
